 Dungeon Crawl Stone Soup version 0.27-a0-1177-g245c70e (webtiles) character file.

Game seed: 14051557916154829420

42 Meow the Stinger (level 3, -5/36 (42) HPs)
             Began as a Naga Venom Mage on May 16, 2021.
             Slain by a necrophage (6 damage)
             ... on level 2 of the Dungeon.
             The game lasted 00:05:49 (1272 turns).

Meow the Stinger (Naga Venom Mage)                  Turns: 1272, Time: 00:05:50

HP:   -5/36 (42)    AC:  3    Str: 10    XL:     3   Next: 54%
MP:   3/7           EV:  9    Int: 16    God:
Gold: 103           SH:  0    Dex: 11    Spells: 0/7 levels left

rFire    . . .     SeeInvis +   a - +0 short sword
rCold    . . .     Faith    .   (no shield)
rNeg     . . .     Spirit   .   c - +0 robe
rPois    +         Reflect  .   (no helmet)
rElec    .         Harm     .   g - +0 cloak
rCorr    .         Rampage  .   (no gloves)
Will     .....                  (no barding)
Stlth    ..........             (no amulet)
HPRegen  0.12/turn              (no ring)
MPRegen  0.10/turn              (no ring)

@: mighty, berserking, heavily drained, quick
A: AC +1, large, see invisible, deformed body, poison resistance, slowness 2,
spit poison 1, naga tail 1
a: Spit Poison


You were on level 2 of the Dungeon.
You visited 1 branch of the dungeon, and saw 2 of its levels.

You collected 103 gold pieces.

Inventory:

Hand Weapons
 a - a +0 short sword (weapon)
 n - a +0 hunting sling
Missiles
 i - 4 stones
 m - 12 arrows
Armour
 c - a +0 robe (worn)
 g - a +0 cloak (worn)
Jewellery
 e - a ring of magical power
Scrolls
 b - a scroll of immolation {unknown}
 j - 3 scrolls of identify {unknown}
 k - a scroll of enchant weapon {unknown}
 l - a scroll of fear {unknown}
Potions
 h - a potion of brilliance {unknown}
 o - a potion of curing {unknown}


   Skills:
 - Level 1.5 Dodging
 - Level 3.0 Stealth
 + Level 2.9 Spellcasting
 - Level 1.0 Transmutations
 + Level 5.0 Poison Magic


You couldn't memorise any spells.
You knew the following spells:

 Your Spells              Type           Power      Damage    Failure   Level
a - Sting                 Tmut/Pois      48%        1d5       5%          1
c - Mephitic Cloud        Conj/Pois/Air  7%         N/A       28%         3
C - Ignite Poison         Fire/Tmut/Pois 8%         N/A       24%         3

Your spell library contained the following spells:

 Spells                   Type           Power      Damage    Failure   Level
 Poisonous Vapours        Pois/Air       20%        N/A       10%         2
 Olgreb's Toxic Radiance  Pois           18%        N/A       24%         4


Dungeon Overview and Level Annotations

Branches:
Dungeon (2/15)

Altars:

Shops:
D:2 :


Innate Abilities, Weirdness & Mutations

Your serpentine skin is tough. (AC +1)
You have supernaturally acute eyesight. (SInv)
Armour fits poorly on your strangely shaped body.
Your system is resistant to poisons. (rPois)
You cover ground very slowly.
You can spit poison.
You have a snake-like lower body.


Message History

The necrophage is lightly damaged.
The necrophage hits you.
Unknown command.
You barely miss the necrophage.
The necrophage is lightly damaged.
The necrophage hits you but does no damage.
Unknown command.
The necrophage hits you but does no damage.
A frilled lizard comes into view.
Your magical contamination has completely faded away.
The necrophage hits you. The necrophage closely misses you.
The necrophage barely misses you.
Okay, then.
The necrophage hits you.
It was a potion of might.
You feel very mighty all of a sudden. The necrophage hits you.
You feel drained.
It was a potion of berserk rage.
A red film seems to cover your vision as you go berserk!
You feel yourself moving faster!
You feel mighty!
The necrophage hits you but does no damage.
You barely miss the necrophage.
The necrophage is lightly damaged.
The frilled lizard hisses angrily.
The necrophage hits you.
* * * LOW HITPOINT WARNING * * *
You feel drained.
You barely miss the necrophage.
The necrophage is lightly damaged.
The necrophage hits you.
* * * LOW HITPOINT WARNING * * *
You feel drained.
* * * LOW HITPOINT WARNING * * *
You hit the necrophage.
The necrophage is moderately damaged.
You barely miss the necrophage.
The necrophage is moderately damaged.
The necrophage hits you.
You die...

..<#..# #..#.# #.# #.#
#.##..# #..#.# #.# #.#
#..#..##########.# #.# #.#
#.##.............# #.# #.#
#.###.#################.# #.#
#.# #...................# #.#
#.# #.################### #.#
#.#
#.#.#######################.#
#.#
#.#........n@...............#
..#
#......l.####################
#.# #........##......
..###........'..#
...##.......l#####
...##.#######....#######
......# #.....l..... ##..#.#
#....##### #).#.# ####.#


You could see a necrophage and a frilled lizard.

Vanquished Creatures
  A worm (D:2)
  2 dart slugs (D:1)
  3 ball pythons
  3 endoplasms
  3 giant cockroaches (D:1)
  3 goblins (D:1)
  2 hobgoblins (D:1)
  4 quokkas (D:1)
  3 bats
  A frilled lizard (D:1)
  A kobold (D:1)
  6 rats
32 creatures vanquished.

Notes
Turn   | Place    | Note
-------+----------+-------------------------------------------
     0 | D:1      | Meow the Naga Venom Mage began the quest for the Orb.
     0 | D:1      | Reached XP level 1. HP: 15/15 MP: 3/3
   239 | D:1      | Reached XP level 2. HP: 22/22 MP: 1/5
   549 | D:1      | Reached XP level 3. HP: 28/28 MP: 6/6
   553 | D:1      | Learned a level 3 spell: Mephitic Cloud
   930 | D:2      | Learned a level 3 spell: Ignite Poison
   958 | D:2      | Reached skill level 5 in Poison Magic
  1062 | D:2      | Found Apir's Book Emporium.
  1248 | D:2      | Noticed a necrophage
  1270 | D:2      | HP: 1/36 [necrophage (2)]
  1272 | D:2      | Slain by a necrophage

Illustrated notes

Levels and vault maps discovered:
D:1:      minmay_arrival_arboretum_small, layout_basic
D:2:      layout_basic, serial_shops, nicolae_shop_trees

Skill      XL: |  1  2  3 |
---------------+----------+-----
Poison Magic   | 5 |  5.0
Dodging        | |  1.5
Stealth        | |  3.0
Spellcasting   | |  2.9
Transmutations | |  1.0

Action                   || total
-------------------------++-------
Melee: Short sword       ||    14
 Cast: Sting             ||    15
       Mephitic Cloud    ||     1
 Abil: Spit Poison       ||    34
  Use: Potion            ||     2
Armor: Robe              ||     6
Dodge: Dodged            ||     7

Table legend: (Time is in decaauts)
 A = Elapsed time spent in this place.
 B = Non-inter-level travel time spent in this place.
 C = Inter-level travel time spent in this place.
 D = Time resting spent in this place.
 E = Time spent auto-exploring this place.
 F = Levels seen in this place.
 G = Mean time per level.
                   A        B        C        D        E       F      G
               +--------+--------+--------+--------+--------+-----+--------+
         Total |   1704 |   1599 |    105 |     47 |   1252 |   2 |  852.0 |
       Dungeon |   1704 |   1599 |    105 |     47 |   1252 |   2 |  852.0 |
               +--------+--------+--------+--------+--------+-----+--------+

Top non-repeatable levels by time:
     D:1: 1240 daAuts
     D:2: 463 daAuts
